 Dungeon Crawl Stone Soup version 0.30-a0-743-gbfdf073431 (webtiles) character file.

Game seed: 1559266034810887278

30 sircluck the Poker (level 3, -3/23 HPs)
             Began as a Tengu Berserker on Feb 6, 2023.
             Was a Follower of Trog.
             Slain by a gnoll
             ... wielding a +2 heavy flail
              (8 damage)
             ... on level 3 of the Dungeon.
             The game lasted 00:03:26 (1456 turns).

sircluck the Poker (Tengu Berserker)                Turns: 1456, Time: 00:03:26

Health: -3/23      AC:  8    Str: 19    XL:     3   Next: 20%
Magic:  4/4        EV:  8    Int:  7    God:    Trog [*.....]
Gold:   64         SH:  0    Dex: 13    Spells: 2/2 levels left

rFire   . . .      SeeInvis .    a - +0 spear
rCold   . . .      Faith    .    (no shield)
rNeg    . . .      Spirit   .    c - +0 chain mail
rPois   .          Reflect  .    (helmet restricted)
rElec   .          Harm     .    (no cloak)
rCorr   .          Rampage  .    (no gloves)
Will    .....                    (boots unavailable) Stlth
                                 (no amulet)
HPRegen 0.23/turn                (no ring)
MPRegen 0.09/turn                (no ring)

@: no status effects
A: beak, talons 3
a: Renounce Religion, Berserk


You were on level 3 of the Dungeon.
You worshipped Trog.
Trog was aware of your devotion.
You visited 1 branch of the dungeon, and saw 3 of its levels.

You collected 64 gold pieces.

Inventory:

Hand Weapons
 a - a +0 spear (weapon)
 q - a +0 quarterstaff
Missiles
 d - 23 stones (quivered)
Armour
 b - a +0 animal skin
 c - a +0 chain mail (worn)
 e - a +0 robe
 g - a +0 leather armour
 j - a +0 pair of boots
Jewellery
 s - a ring of see invisible
 u - a ring of magical power
Scrolls
 f - 2 scrolls of immolation {unknown}
 i - a scroll of enchant weapon {unknown}
 k - a scroll of identify {unknown}
 l - a scroll of torment {unknown}
 r - a scroll of noise {unknown}
 t - a scroll of teleportation {unknown}
Potions
 h - a potion of resistance {unknown}
 m - a potion of cancellation {unknown}
 n - a potion of curing
 o - a potion of brilliance {unknown}
 p - a potion of might {unknown}


   Skills:
 + Level 3.4 Fighting
 + Level 3.9 Polearms
 + Level 2.4 Armour
 + Level 2.4 Dodging


You had 2 spell levels left.
You didn't know any spells.
Your spell library contained the following spells:

 Spells                   Type           Power      Damage    Failure   Level
 Stone Arrow              Conj/Erth      0%         3d7       100%        3
 Animate Armour           Summ/Erth      0%         N/A       100%        4
 Lehudib's Crystal Spear  Conj/Erth      0%         10d2      100%        8


Dungeon Overview and Level Annotations

Branches:
Dungeon (3/15)

Altars:


Innate Abilities, Weirdness & Mutations

You have a beak for a mouth.
You have claws for feet.


Message History

Found a steaming leather armour.
A gnoll comes into view. It is wielding a +0 spear.
The gnoll closely misses you.
You closely miss the gnoll. Your peck misses the gnoll.
You closely miss the gnoll. You claw the gnoll.
The gnoll is moderately wounded.
The gnoll completely misses you.
You barely miss the gnoll.
The gnoll is moderately wounded.
The gnoll hits you from afar with a +0 spear.
The gnoll hits you with a +2 heavy flail.
The gnoll attacks as you move away! The gnoll hits you with a +0 whip.
The gnoll hits you from afar with a +0 spear.
The gnoll completely misses you. The gnoll attacks as you move away!
The gnoll closely misses you.
It was a potion of curing.
You feel better.
You hit the gnoll. Your kick misses the gnoll.
The gnoll is moderately wounded.
The gnoll hits you with a +0 whip.
The gnoll hits you from afar with a +0 spear!
The gnoll barely misses you.
The gnoll hits you from afar with a +0 spear.
You see here an adder corpse.
The gnoll attacks as you move away! The gnoll hits you but does no damage.
You barely miss the gnoll. Your peck misses the gnoll.
The gnoll is moderately wounded.
The gnoll attacks as you move away!
The gnoll hits you but does no damage. x2
You hit the gnoll.
The gnoll is moderately wounded.
The gnoll hits you but does no damage.
You hit the gnoll.
The gnoll is severely wounded.
The gnoll hits you with a +2 heavy flail.
The gnoll closely misses you. The gnoll barely misses you.
You barely miss the gnoll. You claw the gnoll, but do no damage.
The gnoll is severely wounded.
The gnoll hits you with a +0 whip.
* * * LOW HITPOINT WARNING * * *
The gnoll hits you with a +2 heavy flail!
You die...

.# #####
...## #...#
....##
##...#
#...###....#
#..#....<#
#@g.....#
###g##...#
##..g##...#
#..#.##...#
#.##.##...#
......######
#....###
......#
.....#.#


You could see 3 gnolls.

Vanquished Creatures
  An adder (D:3)
  2 worms (D:2)
  A bat (D:1)
  A giant cockroach (D:2)
  3 goblins (D:2)
  2 hobgoblins
  2 frilled lizards
  3 kobolds
  A rat (D:1)
16 creatures vanquished.

Notes
Turn   | Place    | Note
-------+----------+-------------------------------------------
     0 | D:1      | sircluck the Tengu Berserker began the quest for the Orb.
     0 | D:1      | Reached XP level 1. HP: 14/14 MP: 2/2
   547 | D:2      | Reached XP level 2. HP: 19/19 MP: 3/3
  1436 | D:3      | Reached XP level 3. HP: 23/23 MP: 4/4
  1456 | D:3      | Slain by a gnoll

Illustrated notes

Levels and vault maps discovered:
D:1:      amcnicky_arrival_blooded_trapdoor, layout_rooms
D:2:      layout_basic
D:3:      layout_rooms

Action                     || total
---------------------------++-------
  Melee: Spear             ||    45
         Kick              ||    11
         Peck              ||     2
    Use: Potion            ||     1
 Armour: Leather armour    ||     2
         Chain mail        ||     6
  Dodge: Dodged            ||    21

Table legend: (Time is in decaauts)
 A = Elapsed time spent in this place.
 B = Non-inter-level travel time spent in this place.
 C = Inter-level travel time spent in this place.
 D = Time resting spent in this place.
 E = Time spent auto-exploring this place.
 F = Levels seen in this place.
 G = Mean time per level.
                   A        B        C        D        E       F      G
               +--------+--------+--------+--------+--------+-----+--------+
         Total |   1452 |   1337 |    115 |      0 |    951 |   3 |  484.0 |
       Dungeon |   1452 |   1337 |    115 |      0 |    951 |   3 |  484.0 |
               +--------+--------+--------+--------+--------+-----+--------+

Top non-repeatable levels by time:
     D:2: 914 daAuts
     D:1: 510 daAuts
     D:3: 27 daAuts
